 Dungeon Crawl Stone Soup version 0.29.1-15-g9cfb28693d (webtiles) character file.

Game seed: 10592468797238998648

166927 promet the Severer (level 17, -11/141 (151) HPs)
             Began as a Minotaur Fighter on Mar 22, 2023.
             Was the Champion of Cheibriados.
             Mangled by a fire giant
             ... wielding a +2 great sword of flaming
              (24 damage)
             ... on level 1 of the Depths on Mar 23, 2023.
             The game lasted 06:07:57 (49090 turns).

promet the Severer (Minotaur Fighter)              Turns: 49090, Time: 06:07:58

HP:   -11/141 (151) AC: 16    Str: 43    XL:     17   Next: 5%
MP:   20/23         EV: 27    Int: 24    God:    Cheibriados [******]
Gold: 2142          SH:  0    Dex: 34    Spells: 9/17 levels left

rFire   + . .      SeeInvis .   a - +2 battleaxe (freeze)
rCold   + . .      Faith    .   (shield currently unavailable)
rNeg    . . .      Spirit   .   V - +1 troll leather armour
rPois   +          Reflect  .   (helmet restricted)
rElec   +          Harm     .   X - +1 cloak {rPois}
rCorr   .          Rampage  .   t - +2 pair of gloves
Will    +....                   S - +2 pair of boots
Stlth   ++++......              W - amulet "Woblaa" {rC+ Regen+}
HPRegen 1.93/turn               Y - ring of Pakolael {rElec Str+4 Int+2 Dex+6}
MPRegen 0.18/turn               Z - ring of protection from fire

@: studying Conjurations, drained, very slow
A: horns 2, retaliatory headbutt
}: 1/15 runes: barnacled
a: Renounce Religion, Bend Time, Temporal Distortion, Slouch, Step From Time


You were on level 1 of the Depths.
You worshipped Cheibriados.
Cheibriados was exalted by your worship.
You visited 8 branches of the dungeon, and saw 30 of its levels.

You collected 3554 gold pieces.
You spent 1412 gold pieces at shops.

Inventory:

Hand Weapons
 a - a +2 battleaxe of freezing (weapon)
 b - a +0 arbalest of flaming
 d - a +4 scimitar of flaming
 f - the +11 falchion of Ascent {drain, Str+4}
   (You found it on level 2 of the Dungeon)

   A truly terrible weapon, it drains the life of any living foe it strikes.
   Str:       It affects your strength (+4).
 g - a +3 rapier of electrocution
 I - the +3 flail "Bung" {venom, rCorr Str+4 Stlth+}
   (You found it on level 1 of the Lair of Beasts)

   It poisons the flesh of those it strikes.
   Str:       It affects your strength (+4).
   rCorr:     It protects you from acid and corrosion.
   Stlth:     It makes you more stealthy.
 L - a +0 demon trident of electrocution
 P - a +5 dire flail of holy wrath
Missiles
 l - 208 stones
 m - 22 boomerangs (quivered)
 r - 7 atropa-tipped darts
 y - 69 poisoned darts
 F - 3 curare-tipped darts
Armour
 t - a +2 pair of gloves (worn)
 v - the +1 cloak "Bemick" {Str+3}
   (You found it on level 3 of the Shoals)

   Str:       It affects your strength (+3).
 x - the +0 robe of Watypani {*Slow +Inv rPois Will++}
   (You found it on level 7 of the Dungeon)

   rPois:     It protects you from poison.
   +Inv:      It lets you turn invisible.
   *Slow:     It may slow you when you take damage.
   Will:      It greatly increases your willpower.
 S - a +2 pair of boots (worn)
 V - a +1 troll leather armour (worn)
 X - a +1 cloak of poison resistance (worn)
Jewellery
 c - a +6 ring of intelligence
 e - a ring of magical power
 h - a ring of wizardry
 i - a ring of see invisible
 j - a ring of protection from cold
 p - a +4 ring of protection
 w - an amulet of regeneration
 D - a ring of willpower
 K - an amulet of the acrobat
 N - the dreamshard necklace {*Dream Drain}
   (You found it on level 8 of the Dungeon)

   [amulet of nothing]

   It shatters if its wearer takes lethal or near-lethal damage, preventing the
   blow and releasing protective dreams that heal and fight for the wearer.
   Drain:     It drains your maximum health when unequipped.
 U - a ring of flight
 W - the amulet "Woblaa" (around neck) {rC+ Regen+}
   (You found it on level 14 of the Dungeon)

   [amulet of regeneration]

   rC:        It protects you from cold.
   Regen:     It increases your rate of health regeneration.
 Y - the ring of Pakolael (left hand) {rElec Str+4 Int+2 Dex+6}
   (You bought it in a shop on level 4 of the Dungeon)

   [ring of dexterity]

   Str:       It affects your strength (+4).
   Int:       It affects your intelligence (+2).
   Dex:       It affects your dexterity (+6).
   rElec:     It insulates you from electricity.
 Z - a ring of protection from fire (right hand)
Wands
 o - a wand of digging (12)
 q - a wand of flame (13)
 A - a wand of quicksilver (22)
 C - a wand of paralysis (20)
 E - a wand of mindburst (15)
 M - a wand of roots (11)
Scrolls
 k - 2 scrolls of fog
 u - 3 scrolls of magic mapping
 R - 5 scrolls of poison
 T - 9 scrolls of teleportation
Potions
 n - 5 potions of curing
 z - 3 potions of lignification
 B - 2 potions of might
 G - a potion of attraction
Miscellaneous
 H - a box of beasts
 J - a phantom mirror
 O - a condenser vane


   Skills:
 + Level 13.7 Fighting
 + Level 1.7(2.9) Short Blades
 + Level 4.0(4.2) Long Blades
 + Level 15.8(17.4) Axes
 + Level 12.3(15.7) Maces & Flails
 + Level 10.6 Ranged Weapons
 * Level 5.4 Throwing
 + Level 9.6 Armour
 + Level 12.1 Dodging
 + Level 6.6 Stealth
 + Level 11.7 Shields
 + Level 0.5 Spellcasting
 + Level 4.2 Conjurations
 * Level 2.9 Earth Magic
 + Level 10.1 Invocations
 + Level 5.3 Evocations


You had 9 spell levels left.
You knew the following spells:

 Your Spells              Type           Power      Damage    Failure   Level
a - Sandblast             Erth           28%        2d8       4%          1
b - Stone Arrow           Conj/Erth      34%        3d9       10%         3
c - Blink                 Tloc           0%         N/A       22%         2
d - Static Discharge      Conj/Air       10%        3-5/arc   9%          2

Your spell library contained the following spells:

 Spells                   Type           Power      Damage    Failure   Level
 Passwall                 Tmut/Erth      5%         N/A       12%         2
 Apportation              Tloc           0%         N/A       14%         1
 Conjure Flame            Conj/Fire      10%        6-21      19%         3
 Dazzling Flash           Conj/Hex       20%        N/A       19%         3
 Mephitic Cloud           Conj/Pois/Air  7%         N/A       24%         3
 Call Canine Familiar     Summ           0%         N/A       41%         3
 Gell's Gravitas          Tloc           0%         N/A       41%         3
 Ignite Poison            Fire/Tmut/Pois 0%         N/A       41%         3
 Lesser Beckoning         Tloc           0%         N/A       41%         3
 Ozocubu's Armour         Ice            0%         N/A       41%         3
 Portal Projectile        Hex/Tloc       0%         N/A       41%         3
 Teleport Other           Tloc           0%         N/A       41%         3
 Fulminant Prism          Conj/Hex       5%         3d7       52%         4
 Iskenderun's Mystic Bla  Conj/Tloc      10%        2d4       52%         4
 Sticky Flame             Conj/Fire      10%        2d3       52%         4
 Animate Armour           Summ/Erth      14%        N/A       61%         4
 Leda's Liquefaction      Hex/Erth       3%         N/A       61%         4
 Petrify                  Tmut/Erth      7%         N/A       61%         4
 Lee's Rapid Deconstruct  Erth           7%         3d7*      75%         5
 Animate Dead             Necr           0%         N/A       82%         4
 Cause Fear               Hex            0%         N/A       82%         4
 Corpse Rot               Necr/Pois/Air  0%         N/A       82%         4
 Dispel Undead            Necr           0%         3d6       82%         4
 Fireball                 Conj/Fire      5%         3d5       86%         5
 Irradiate                Conj/Tmut      5%         3d13      86%         5
 Freezing Cloud           Conj/Ice/Air   3%         6-21      92%         5
 Agony                    Necr           0%         N/A       99%         5
 Alistair's Intoxication  Tmut/Pois      0%         N/A       99%         5
 Blade Hands              Tmut           0%         N/A       99%         5
 Manifold Assault         Tloc           0%         N/A       99%         5
 Metabolic Englaciation   Hex/Ice        0%         N/A       99%         5
 Silence                  Hex/Air        0%         N/A       99%         5
 Iron Shot                Conj/Erth      8%         9d3       99%         6
 Death Channel            Necr           0%         N/A       100%        6
 Dispersal                Tloc           0%         N/A       100%        6
 Starburst                Conj/Fire      5%         6d4       100%        6
 Statue Form              Tmut/Erth      4%         N/A       100%        6
 Dragon Form              Tmut           0%         N/A       100%        7
 Haunt                    Necr/Summ      0%         N/A       100%        7
 Ozocubu's Refrigeration  Ice            0%         4d7       100%        7
 Storm Form               Tmut/Air       0%         N/A       100%        7
 Disjunction              Tloc           0%         N/A       100%        8
 Ignition                 Fire           0%         3d3       100%        8
 Infestation              Necr           0%         N/A       100%        8
 Lehudib's Crystal Spear  Conj/Erth      8%         10d4      100%        8
 Dragon's Call            Summ           0%         N/A       100%        9


Dungeon Overview and Level Annotations

Branches:
Dungeon (15/15)            Temple (1/1) D:6            Lair (5/5) D:8
 Shoals (4/4) Lair:3       Spider (1/4) Lair:2        Slime (0/5) Lair:5
    Orc (2/2) D:12            Elf (1/3) Orc:2        Vaults (0/5) D:13
 Depths (1/4) D:15

Altars:
Ashenzari
Cheibriados
Dithmenos
Elyvilon
Fedhas
Gozag
Hepliaklqana
Kikubaaqudgha
Makhleb
Nemelex Xobeh
Okawaru
Qazlal
Ru
Sif Muna
Trog
Uskayaw
Vehumet
Wu Jian
Xom
Yredelemnul
The Shining One
Jiyva

Shops:
D:4 =   D:7 ::*   D:14 *   Orc:1 ?   Orc:2 [[*!

Annotations:
D:10 3 transporters
Shoals:1 1 runed translucent door, octoduck's ghost, journeyman KoEn


Innate Abilities, Weirdness & Mutations

You have a pair of horns on your head.
You reflexively headbutt those who attack you in melee.


Message History

Cheibriados thoroughly appreciates the change of pace.
The spriggan berserker completely misses you.
You furiously retaliate!
You headbutt the spriggan berserker.
A fire giant comes into view.
It is wielding a +2 great sword of flaming.
You're wearing all the rings you can.
Remove which one? (? for menu, Esc to cancel) < or
Y - the ring of Pakolael {rElec Str+4 Int+2 Dex+6} > or
e - a ring of magical power You remove your ring of magical power.
You feel your magic capacity decrease.
The spriggan berserker hits you but does no damage.
Z - a ring of protection from fire (right hand)
The spriggan berserker closely misses you.
You furiously retaliate!
You headbutt the spriggan berserker! You hit the spriggan berserker.
You freeze the spriggan berserker.
You headbutt the spriggan berserker, but do no damage.
The spriggan berserker is moderately wounded.
The spriggan berserker hits you with a +0 hand axe!
You slice the spriggan berserker!! You freeze the spriggan berserker.
Your headbutt misses the spriggan berserker.
The spriggan berserker is heavily wounded.
The spriggan berserker completely misses you.
You furiously retaliate!
You headbutt the spriggan berserker!!
The spriggan berserker hits you with a +0 hand axe!!
* * * LOW HITPOINT WARNING * * *
As you read the scroll of fear, it crumbles to dust.
You assume a fearsome visage.
The fire giant easily resists.
The spriggan berserker is unaffected.
The spriggan berserker hits you with a +0 hand axe!!
* * * LOW HITPOINT WARNING * * *
You feel better.
The spriggan berserker closely misses you.
The spriggan berserker misses you.
As you read the scroll of summoning, it crumbles to dust.
Wisps of shadow whirl around you...
The spriggan berserker barely misses you.
The spriggan berserker hits your jiangshi with a +0 hand axe!!
The spriggan berserker hits your vampire mage but does no damage.
The fire giant attacks as you move away!
The fire giant hits you with a +2 great sword of flaming!!
You die...

..#.##....[...#####.# #.
+........'.....#
#.####........##########
................(........
...........#############.
≈≈≈≈≈§≈≈≈..# #.
♣...♣...♣p.# #)
.......CV..# #†
...=V..i@..# #<
...=Vu.V.u.# ##
......uQu..# ♣...♣..§♣§§#
≈≈≈≈≈≈§§≈.§# .........§##
##########


You could see a fire giant, a spriggan berserker (berserk, ally target), 2
friendly very ugly things, a friendly tengu reaver (summoned), 2 friendly ugly
things, 3 friendly jiangshi, a friendly vampire mage (summoned) and a friendly
wizard (summoned).

Vanquished Creatures
  A kraken (Shoals:3)
  Kirke (Lair:3)
  A ghost moth (Spider:1)
  2 stone giants (Depths:1)
  An entropy weaver (Spider:1)
  A spark wasp (Spider:1)
  Snorg (Orc:2)
  2 merfolk javelineers
  A yaktaur captain (D:13)
  3 merfolk impalers
  2 ice dragons (D:15)
  7 hydras
  3 merfolk avatars
  5 boulder beetles
  A death knight (D:14)
  4 centaur warriors
  4 two-headed ogres
  Erica (D:10)
  2 catoblepae (D:14)
  3 merfolk aquamancers
  9 dancing weapons
  An alligator snapping turtle (Shoals:4)
  A spriggan berserker (Depths:1)
  Sonja (Orc:2)
  A deep elf knight (Elf:1)
  Lodul (D:10)
  A goliath frog (Lair:5)
  A sun moth (Spider:1)
  2 orb spiders (Spider:1)
  3 spriggan simulacra (Shoals:2)
  9 sea snakes
  2 wizards (D:14)
  Pikel (D:8)
  2 deep elf archers (Elf:1)
  3 orc knights
  3 deep elf zephyrmancers
  16 harpies
  5 deep elf pyromancers (Elf:1)
  3 orc sorcerers
  11 ugly things
  8 fauns
  3 cyclopes
  6 wolf spiders
  17 manticores
  2 moths of wrath (Spider:1)
  9 merfolk sirens
  8 elephants
  6 black mambas
  6 water nymphs
  23 cane toads
  The ghost of javelincjr the Trooper, a novice DsAK of Lugonu (D:5)
  3 gargoyles
  A rime drake (shapeshifter) (D:14)
  2 kobold demonologists
  2 rime drakes
  2 yaktaurs (D:13)
  4 komodo dragons
  4 demonic crawlers (Spider:1)
  A yaktaur (shapeshifter) (D:14)
  An anaconda simulacrum (Shoals:2)
  6 wind drakes
  22 merfolk
  A hornet (D:11)
  2 tyrant leeches (Lair:5)
  A meliai (shapeshifter) (D:14)
  6 trolls
  A polar bear (Lair:3)
  12 tarantellas (Spider:1)
  10 blink frogs (Lair:5)
  6 dream sheep (Lair:5)
  Prince Ribbit (D:9)
  8 snapping turtles
  14 slime creatures
  An air elemental (Elf:1)
  8 culicivoras
  34 yaks
  12 jumping spiders
  4 wyverns
  2 wraiths
  6 water elementals
  7 basilisks
  3 hogs (Lair:3)
  3 fire elementals (Elf:1)
  24 redbacks
  16 vampire mosquitoes
  3 steam dragons
  3 minotaur simulacra (Shoals:2)
  Edmund (D:5)
  A harpy simulacrum (Shoals:2)
  21 water moccasins
  3 acid dragons
  34 orc warriors
  4 black bears
  An ice beast (D:5)
  8 wolves
  13 ogres
  19 centaurs
  A phantom (D:7)
  3 lemures
  6 kobold brigands
  3 necrophages
  14 bullfrogs
  3 gnoll sergeants
  An earth elemental (Elf:1)
  3 scorpions
  3 wights (D:8)
  5 killer bees (D:8)
  2 electric eels (Lair:5)
  6 howler monkeys
  3 vampire bats (Lair:4)
  6 hounds
  10 orc priests
  A jelly (D:8)
  3 gnoll boudas
  4 iguanas
  16 orc wizards
  Robin (D:3)
  22 gnolls
  16 adders
  A shadow imp (D:6)
  A white imp (D:6)
  2 ufetubi
  6 worms
  3 dart slugs
  89 orcs
  8 bats
  7 endoplasms
  4 giant cockroaches
  13 goblins
  9 hobgoblins
  9 jackals
  3 quokkas
  12 ball pythons
  4 frilled lizards
  19 kobolds
  7 rats
  8 tentacles (Shoals:3)
889 creatures vanquished.

Vanquished Creatures (collateral kills)
  Jorgrun (D:15)
  A hydra (Lair:1)
  An orc knight (Orc:2)
  5 orc warriors (Orc:2)
  A centaur (Orc:2)
  5 orcs
14 creatures vanquished.

Vanquished Creatures (others)
  Nikola (Shoals:4)
  A kobold demonologist (D:10)
  Eustachio (D:4)
  2 kobolds (D:10)
  34 fungi
  155 plants
  18 tentacles (Shoals:3)
212 creatures vanquished.

Grand Total: 1115 creatures vanquished

Notes
Turn   | Place    | Note
-------+----------+-------------------------------------------
     0 | D:1      | promet the Minotaur Fighter began the quest for the Orb.
     0 | D:1      | Reached XP level 1. HP: 19/19 MP: 0/0
   189 | D:1      | Reached XP level 2. HP: 27/27 MP: 1/1
  1325 | D:2      | Reached XP level 3. HP: 33/33 MP: 2/2
  1342 | D:2      | Found an opulent altar of Gozag.
  1354 | D:2      | Reached skill level 1 in Dodging
  1373 | D:2      | Reached skill level 3 in Axes
  1696 | D:2      | Reached XP level 4. HP: 41/41 MP: 3/3
  2346 | D:2      | Identified the +11 falchion of Ascent {drain, Str+4}
  2607 | D:3      | Found a snail-covered altar of Cheibriados.
  2668 | D:3      | Became a worshipper of Cheibriados the Contemplative
  2738 | D:3      | Reached skill level 4 in Axes
  2877 | D:3      | Noticed Robin
  2886 | D:3      | Killed Robin
  2887 | D:3      | Reached XP level 5. HP: 40/47 MP: 4/4
  3049 | D:3      | Reached * piety under Cheibriados
  3657 | D:4      | Found a glowing golden altar of the Shining One.
  3684 | D:4      | Reached skill level 5 in Axes
  3700 | D:4      | You fall into a shaft and drop 1 floor!
  3700 | D:5      | Entered Level 5 of the Dungeon
  3710 | D:5      | Noticed an ice beast
  3718 | D:5      | Killed an ice beast
  3719 | D:5      | Reached XP level 6. HP: 47/55 MP: 5/5
  3958 | D:5      | Found an opulent altar of Gozag.
  4018 | D:5      | Reached skill level 5 in Fighting
  4018 | D:5      | Reached skill level 5 in Armour
  4051 | D:5      | Reached ** piety under Cheibriados
  4237 | D:5      | Found a sparkling altar of Nemelex Xobeh.
  4244 | D:5      | Found an ancient bone altar of Kikubaaqudgha.
  4296 | D:5      | Reached skill level 6 in Axes
  4479 | D:5      | Found a runed translucent door.
  4479 | D:5      | Noticed javelincjr's ghost (novice DsAK)
  4581 | D:5      | Reached XP level 7. HP: 61/61 MP: 6/6
  4671 | D:4      | Found an iron altar of Okawaru.
  4914 | D:4      | Noticed Eustachio
  4940 | D:4      | Killed Eustachio
  4941 | D:4      | Reached skill level 7 in Axes
  5142 | D:4      | Found Zilau's Jewellery Emporium.
  5205 | D:4      | Reached skill level 1 in Throwing
  5394 | D:4      | Reached *** piety under Cheibriados
  5395 | D:4      | Reached skill level 1 in Ranged Weapons
  5395 | D:4      | Reached skill level 1 in Stealth
  5402 | D:4      | Reached skill level 5 in Shields
  5402 | D:4      | Reached XP level 8. HP: 56/69 MP: 7/7
  5869 | D:5      | Noticed Edmund
  5878 | D:5      | Killed Edmund
  6217 | D:6      | Found a basalt altar of Yredelemnul.
  6545 | D:6      | Found a staircase to the Ecumenical Temple.
  6681 | D:6      | Reached skill level 8 in Axes
  6741 | D:6      | Found a basalt altar of Yredelemnul.
  6803 | D:6      | Found a glowing golden altar of the Shining One.
  6807 | D:6      | Reached skill level 1 in Invocations
  7511 | D:6      | Reached **** piety under Cheibriados
  7519 | D:6      | Reached XP level 9. HP: 75/75 MP: 9/9
  7535 | D:6      | Learned a level 1 spell: Sandblast
  7779 | D:7      | Found Kixaejax's General Store.
  7785 | D:7      | Found Homuhonk's Book Shoppe.
  7813 | D:7      | Identified the +0 robe of Watypani {*Slow +Inv rPois
                  | Will++}
  7847 | D:7      | Reached skill level 9 in Axes
  7999 | D:7      | Found Notomat's Book Emporium.
  8498 | D:7      | Found a burning altar of Makhleb.
  8866 | D:7      | Reached ***** piety under Cheibriados
  8905 | D:8      | Found the dreamshard necklace {*Dream Drain}
  8980 | D:8      | Reached skill level 10 in Axes
  9313 | D:8      | Found a staircase to the Lair.
  9355 | D:8      | Reached XP level 10. HP: 74/86 MP: 12/12
  9790 | D:8      | Noticed a green ugly thing
  9817 | D:8      | Killed a green ugly thing
  9818 | D:8      | Reached skill level 5 in Invocations
  9863 | D:8      | Found a white marble altar of Elyvilon.
 10228 | D:8      | Found an ornate altar of the Wu Jian Council.
 10352 | D:9      | Noticed Prince Ribbit
 10425 | D:9      | Noticed Pikel
 10433 | D:8      | Killed Pikel
 10535 | D:9      | Killed Prince Ribbit
 10553 | D:8      | Reached skill level 11 in Axes
 10553 | D:8      | Reached skill level 1 in Earth Magic
 12052 | D:9      | Found a shadowy altar of Dithmenos.
 12442 | D:8      | Identified the +5 broad axe of Doom {flame, Fragile Str+8
                  | Dex-3}
 12607 | D:10     | Entered Level 10 of the Dungeon
 12661 | D:10     | Found a hazy altar of Hepliaklqana.
 12678 | D:10     | Reached skill level 5 in Dodging
 12691 | D:10     | Reached XP level 11. HP: 74/94 MP: 14/14
 12936 | D:10     | Noticed a two-headed ogre
 12944 | D:10     | Killed a two-headed ogre
 13066 | D:10     | Noticed a purple ugly thing
 13083 | D:10     | Killed a purple ugly thing
 13380 | D:10     | Found a transporter.
 13391 | D:10     | Found a transporter.
 13394 | D:10     | Found a transporter.
 13395 | D:10     | Found a transporter.
 13537 | D:10     | Reached skill level 1 in Evocations
 13597 | D:10     | Noticed a two-headed ogre
 13605 | D:10     | Killed a two-headed ogre
 13606 | D:10     | Reached skill level 12 in Axes
 13666 | D:10     | Noticed Erica
 14062 | D:10     | Killed Erica
 14444 | D:10     | Noticed Lodul
 14563 | D:10     | Killed Lodul
 14588 | D:10     | Found a blossoming altar of Fedhas.
 14731 | D:11     | Reached skill level 13 in Axes
 15321 | D:11     | Reached XP level 12. HP: 95/103 MP: 16/16
 15499 | D:11     | Noticed a two-headed ogre
 15511 | D:11     | Killed a two-headed ogre
 16176 | D:12     | Reached skill level 1 in Long Blades
 16202 | D:12     | Found a staircase to the Orcish Mines.
 16587 | D:12     | Reached ****** piety under Cheibriados
 16754 | D:12     | Noticed a boulder beetle
 16764 | D:12     | Killed a boulder beetle
 16965 | D:4      | Bought the ring of Pakolael {rElec Str+4 Int+2 Dex+6} for
                  | 688 gold pieces
 17010 | D:5      | Killed javelincjr's ghost
 17237 | Lair:1   | Entered Level 1 of the Lair of Beasts
 17253 | Lair:1   | Reached skill level 5 in Stealth
 17470 | Lair:1   | You fall into a shaft and drop 1 floor!
 17711 | Lair:1   | Reached skill level 14 in Axes
 17909 | Lair:1   | Identified the +3 flail "Bung" {venom, rCorr Str+4 Stlth+}
 18218 | Lair:1   | Noticed an eight-headed hydra
 18222 | Lair:1   | Killed an eight-headed hydra
 18810 | Lair:2   | Reached skill level 1 in Maces & Flails
 18958 | Lair:2   | Found a hole to the Spider Nest.
 19482 | Lair:2   | Reached skill level 5 in Evocations
 19483 | Lair:2   | Reached XP level 13. HP: 96/113 MP: 17/17
 20174 | Lair:3   | Reached skill level 10 in Fighting
 20187 | Lair:3   | Reached skill level 10 in Shields
 20503 | Lair:3   | Found a staircase to the Shoals.
 21902 | Lair:5   | Entered Level 5 of the Lair of Beasts
 22010 | Lair:5   | Reached skill level 5 in Maces & Flails
 22342 | Lair:5   | Learned a level 3 spell: Stone Arrow
 22345 | Lair:5   | Learned a level 2 spell: Blink
 22437 | Lair:5   | Found a viscous altar of Jiyva.
 22437 | Lair:5   | Found a staircase to the Slime Pits.
 23308 | Lair:3   | Reached XP level 14. HP: 122/122 MP: 19/19
 23485 | Orc:1    | Entered Level 1 of the Orcish Mines
 23792 | Orc:1    | Found a burning altar of Makhleb.
 23811 | Orc:1    | Found Justrom's Magic Scroll Shoppe.
 23874 | Orc:1    | Bought a scroll of blinking for 97 gold pieces
 23874 | Orc:1    | Bought a scroll of teleportation for 39 gold pieces
 23874 | Orc:1    | Bought a scroll of teleportation for 39 gold pieces
 23874 | Orc:1    | Bought a scroll of blinking for 97 gold pieces
 23874 | Orc:1    | Bought a scroll of silence for 123 gold pieces
 24072 | Orc:2    | Entered Level 2 of the Orcish Mines
 24175 | Orc:2    | Noticed Snorg
 24195 | Orc:2    | Found a staircase to the Elven Halls.
 24249 | Orc:2    | Killed Snorg
 24250 | Orc:2    | Noticed Sonja
 24285 | Orc:2    | Killed Sonja
 25700 | Orc:2    | Found Owkoz's Armour Emporium.
 25700 | Orc:2    | Found Baconacs's General Store.
 25724 | Orc:2    | Found Adudyr's Distillery.
 25726 | Orc:2    | Found Rewkoes's Antique Armour Shoppe.
 25735 | Orc:2    | Bought a scroll of enchant armour for 120 gold pieces
 26989 | D:12     | Reached skill level 5 in Ranged Weapons
 27273 | D:13     | Found a bloodstained altar of Trog.
 27725 | D:13     | Found a gate to the Vaults.
 28688 | D:14     | Found a stormy altar of Qazlal.
 28709 | D:14     | Found Tupiewk's Demolitions Depot.
 29920 | D:14     | Reached XP level 15. HP: 130/130 MP: 21/21
 29927 | D:14     | Identified the amulet "Woblaa" {rC+ Regen+}
 29959 | D:14     | Reached skill level 10 in Dodging
 30130 | D:15     | Entered Level 15 of the Dungeon
 30577 | D:15     | Reached skill level 10 in Maces & Flails
 31519 | D:15     | Noticed Jorgrun
 31526 | D:15     | Killed Jorgrun
 31919 | D:15     | Found a staircase to the Depths.
 32193 | Elf:1    | Entered Level 1 of the Elven Halls
 32916 | Depths:1 | Entered Level 1 of the Depths
 33440 | Shoals:1 | Entered Level 1 of the Shoals
 33442 | Shoals:1 | Noticed Kirke
 33451 | Shoals:1 | Noticed a sphinx
 33567 | Lair:3   | Killed Kirke
 33568 | Lair:3   | Reached skill level 15 in Axes
 33938 | Shoals:1 | Found a runed translucent door.
 33939 | Shoals:1 | Noticed octoduck's ghost (journeyman KoEn)
 34250 | Shoals:1 | Reached skill level 1 in Short Blades
 37147 | Shoals:3 | Reached skill level 1 in Conjurations
 37228 | Shoals:3 | Identified the +1 cloak "Bemick" {Str+3}
 37259 | Shoals:3 | Noticed a kraken
 37497 | Shoals:3 | HP: 5/134 [tentacle[a kraken] (20)]
 38075 | Shoals:3 | Reached XP level 16. HP: 83/141 MP: 22/22
 38481 | Shoals:4 | Entered Level 4 of the Shoals
 38532 | Shoals:4 | Noticed Nikola
 38744 | Shoals:4 | Killed Nikola
 39943 | Shoals:4 | Reached skill level 5 in Throwing
 40037 | Shoals:4 | Got a barnacled rune of Zot
 40141 | Shoals:4 | Reached skill level 10 in Invocations
 40754 | Shoals:3 | Killed a kraken
 41149 | Temple   | Entered the Ecumenical Temple
 41350 | Elf:1    | Reached skill level 10 in Ranged Weapons
 43306 | Spider:1 | Entered Level 1 of the Spider Nest
 45035 | Orc:1    | Bought a scroll of fear for 52 gold pieces
 45035 | Orc:1    | Bought a scroll of poison for 52 gold pieces
 45619 | D:7      | Bought a scroll of enchant armour for 105 gold pieces
 46142 | Spider:1 | Learned a level 2 spell: Static Discharge
 46868 | Spider:1 | Reached XP level 17. HP: 102/130 MP: 0/23
 49087 | Depths:1 | HP: 3/141 [spriggan berserker/+0 hand axe (32)]
 49090 | Depths:1 | Mangled by a fire giant

Illustrated notes

Levels and vault maps discovered:
D:1:      dpeg_arrival_simpleton_b, layout_basic, minmay_stone_trees_medium
D:2:      layout_basic, basic_altar, minmay_split_cup_small
D:3:      layout_basic, mainiacjoe_overflow_alcove_2, grunt_ministairs_6,
          uniq_robin
D:4:      layout_rooms, mainiacjoe_overflow_catwalk,
          mainiacjoe_overflow_small_starburst, serial_shops, nicolae_shop_trees,
          serial_rivers, chequers_serial_rivers_micro_e,
          chequers_serial_rivers_small_b, chequers_serial_rivers_room_a,
          chequers_serial_rivers_small_a, uniq_eustachio
D:5:      layout_loops_corners, overflow_temple_1_default,
          grunt_gozag_breadcrumbs, mainiacjoe_overflow_tiny_flanked,
          ebering_ghost_reflecting_pool, uniq_edmund
D:6:      minmay_opposing_rooms, layout_loops_ring,
          lemuel_coloured_pillars_altar, minmay_temple_entry_grid,
          hangedman_feature_mirror
D:7:      layout_basic, makhleb_blood_cavern_becter, serial_shops, shop, shop,
          shop
D:8:      layout_basic, general_overflow_altar, nicolae_overflow_crystal_walls,
          minmay_lair_entry_grove, amethyst_killhole,
          nicolae_straight_to_the_point
D:9:      layout_grid_maze, lemuel_doored_altar, uniq_prince_ribbit1, uniq_pikel
D:10:     layout_roguey, lemuel_tele_altar, old_standard_altar,
          nicolae_diode_quadrants, uniq_lodul, uniq_erica
D:11:     layout_loops_corners, serial_rivers, chequers_serial_rivers_micro_d,
          chequers_serial_rivers_micro_c, chequers_serial_rivers_large_a,
          chequers_serial_rivers_micro_b, chequers_serial_rivers_small_3
D:12:     layout_roguey [special_room_orc],
          kennysheep_orc_monster_closet_entryway
D:13:     layout_roguey, david_vaults_2, grunt_decor_resistance, bloody_trog
D:14:     minmay_the_grid_3x3 [minmay_the_grid_paths, minmay_the_grid_spikes,
          minmay_the_grid_fan, minmay_the_grid_large_cup,
          minmay_the_grid_spin_star, minmay_the_grid_minigrid_small_alt,
          minmay_the_grid_slots, minmay_the_grid_square_x,
          minmay_the_grid_prize_shrinking_boxes], layout_long_grid,
          grunt_qazlal_clouds, nicolae_blasting_shop
D:15:     grunt_enter_depths_hoard, layout_stronghold, uniq_jorgrun
Temple:   nicolae_temple_cloud_nine
Lair:1:   layout_cave_pods, cheibrodos_lair_reptile_den
Lair:2:   layout_hall_layers, nicolae_spider_entry_tight_spaces
Lair:3:   layout_regular_city, shoals_dummy_entry, minivault_19,
          patterned_corridor, grunt_megastairs_5
Lair:4:   layout_roguey, roderic_batcave
Lair:5:   minmay_lair_end_frog_pond, layout_loops_ring,
          dpeg_slime_entry_enclosed
Shoals:1: layout_shoals, ebering_ghost_inner_flame, nzn_prometheus_bound,
          uniq_kirke
Shoals:2: layout_shoals, portal_ice_cave_entry_ice_simulacra
Shoals:3: layout_shoals
Shoals:4: shoals_end_hangedman, layout_shoals, uniq_nikola
Spider:1: layout_chambers, nicolae_spider_moth_buddies
Orc:1:    layout_caves, serial_shops, nicolae_shop_trees,
          nicolae_shop_behind_doors, basic_altar, minmay_shop_mayhem
Orc:2:    st_orc_rangers, layout_caves, uniq_sonja, uniq_snorg
Elf:1:    layout_geoelf_grid, minivault_28, lemuel_upstairs_altar
Depths:1: layout_basic, serial_shops, nicolae_take_the_stairs, grunt_metal_band,
          minivault_11, nicolae_yredelemnul_ghost_church,
          kennysheep_random_hallway

Skill      XL: |  1  2  3  4  5  6  7  8  9 10 11 12 13 14 15 16 |
---------------+-------------------------------------------------+-----
Armour         | 4 5 6 8 9 |  9.6
Fighting       | 4 5 6 7 8 9 10 11 12 13 | 13.7
Shields        | 4 5 6 7 8 9 11 | 11.7
Dodging        | 1 2 3 5 6 7 8 9 11 12 | 12.1
Axes           | 3 4 5 6 7 8 10 11 13 14 15 | 15.8
Throwing       | 1 2 3 4 5 |  5.4
Ranged Weapons | 1 2 3 4 5 7 10 | 10.6
Stealth        | 1 2 4 5 6 |  6.6
Invocations    | 1 4 6 7 8 9 10 | 10.1
Earth Magic    | 1 2 |  2.9
Evocations     | 3 5 |  5.3
Long Blades    | 2 3 4 |  4.0
Maces & Flails | 2 6 9 11 12 | 12.3
Short Blades   | 1 |  1.7
Conjurations   | 2 4 |  4.2
Spellcasting   | |  0.5

Action                   |  1- 3 |  4- 6 |  7- 9 | 10-12 | 13-15 | 16-18 || total
-------------------------+-------+-------+-------+-------+-------+-------++-------
Melee: War axe           |    72 |   152 |   225 |   456 |   111 |       ||  1016
       Headbutt          |     9 |    20 |    49 |   148 |   282 |    82 ||   590
       Short sword       |       |       |       |     5 |     9 |       ||    14
       Flail             |       |       |       |    46 |   728 |   125 ||   899
       Scimitar          |       |       |       |     4 |    42 |       ||    46
       Punch             |       |       |       |       |    17 |     1 ||    18
       Dire flail        |       |       |       |       |     6 |    10 ||    16
       Battleaxe         |       |       |       |       |       |   130 ||   130
       Rapier            |       |       |       |       |       |     9 ||     9
       Broad axe         |       |       |       |       |       |     8 ||     8
       Arbalest          |       |       |       |       |       |     2 ||     2
 Fire: Sling             |     5 |       |    13 |    21 |    27 |       ||    66
       Arbalest          |       |       |       |       |   161 |   114 ||   275
Throw: Javelin           |       |       |    15 |     2 |     1 |       ||    18
       Dart              |       |       |     4 |    12 |     3 |       ||    19
       Throwing net      |       |       |       |     1 |       |       ||     1
       Boomerang         |       |       |       |    28 |    56 |    24 ||   108
       Stone             |       |       |       |     1 |       |       ||     1
 Cast: Sandblast         |       |       |     1 |     2 |     5 |       ||     8
       Stone Arrow       |       |       |       |       |       |     5 ||     5
       Static Discharge  |       |       |       |       |       |     2 ||     2
Invok: Bend Time         |       |       |       |     8 |    45 |     6 ||    59
       Temporal Distorti |       |       |       |     1 |     3 |     2 ||     6
       Slouch            |       |       |       |       |     1 |     3 ||     4
Evoke: Wand              |       |       |     3 |     8 |    36 |     7 ||    54
       Phantom mirror    |       |       |       |     1 |     1 |       ||     2
       Condenser vane    |       |       |       |       |     1 |     1 ||     2
       Box of beasts     |       |       |       |       |       |     2 ||     2
  Use: Scroll            |     2 |     4 |     9 |    11 |    17 |     9 ||    52
       Potion            |       |       |     1 |     6 |     4 |     9 ||    20
 Stab: Paralysed         |       |       |     8 |     7 |       |       ||    15
       Sleeping          |       |       |     2 |     6 |    26 |     4 ||    38
       Distracted        |       |       |       |     2 |     7 |     1 ||    10
       Confused          |       |       |       |       |       |     3 ||     3
Armor: Scale mail        |     8 |       |       |       |       |       ||     8
       Chain mail        |    43 |   115 |   113 |       |       |       ||   271
       Steam dragon scal |       |       |    44 |   105 |       |       ||   149
       Robe              |       |       |     3 |       |       |    34 ||    37
       Troll leather arm |       |       |       |    22 |   237 |    51 ||   310
Dodge: Dodged            |    42 |    48 |   127 |   253 |   960 |   513 ||  1943
Block: Buckler           |    19 |    40 |    76 |       |       |       ||   135
       Kite shield       |       |       |    34 |   331 |   297 |       ||   662
